Cogmind - Beta 11.1 @@@ ROGUE MODE // 2022.06.09 @ 15:27:19 Player: Terminus Result: Destroyed by P-80 Master with Gamma Rifle Performance ------------- Evolutions (7) 3500 Regions Visited (29) 5800 Robots Destroyed (302) 1510 Value Destroyed (11521) 11521 Prototype IDs (55) 1100 Alien Tech Used (2) 400 Bonus (6839) 6839 TOTAL SCORE: 30670 Bonus ------- High Alert Combat Kills 1640 Follower Combat Kills 4957 Network Hubs Disabled 200 Met Data Miner 300 Met Imprinter 300 Was Imprinted 300 Met Zhirov 300 Built Enhanced Grunts 300 Friendly Fire -1458 Cogmind --------- Core Integrity 0/1300 Matter 296/300 Energy 100/100 System Corruption 19% Temperature Cool (12) Movement Core (700) Ox13 Location -3/Research Parts ------- > --- POWER (2) -------- (None) > --- PROPULSION (5) --- (None) > --- UTILITY (12) ----- High-capacity Storage Unit Advanced Signal Interpreter Advanced Terrain Scan Processor Improved Targeting Computer > --- WEAPON (2) ------- (None) > --- INVENTORY (20) --- Quantum Reactor Improved Cooling System Advanced Cooling System Advanced Energy Well (500) Advanced Energy Well (500) Advanced Sensor Array Advanced Sensor Array Quantum Capacitor Improved Reaction Control System Cooled Plasma Cannon Heavy Phase Cannon Improved Plasma Cutter CR-A16's Behemoth Slayer Peak State ------------ > --- POWER ------------ Heavy Antimatter Reactor Quantum Reactor > --- PROPULSION ------- Enhanced Flexi-carbon Leg Enhanced Flexi-carbon Leg Enhanced Flexi-carbon Leg Myomer Leg Zionite Composite Leg II > --- UTILITY ---------- Advanced Cooling System Advanced Cooling System High-capacity Storage Unit Advanced Energy Well Advanced Signal Interpreter Advanced Terrain Scan Processor Improved Targeting Computer Quantum Capacitor Improved Transmission Jammer Centrium Medium Armor Plating Medium Regenerative Plating > --- WEAPON ----------- Heavy Plasma Cannon Enhanced Nova Cannon > --- INVENTORY -------- Antimatter Reactor Quantum Reactor Flexi-carbon Leg Flexi-carbon Leg Flexi-carbon Leg Improved Cooling System Improved Cooling System Advanced Energy Well Long-range Terrain Scanner Quantum Capacitor Centrium Medium Armor Plating Experimental Thermal Shield Transdimensional Reconstructor Cooled Plasma Cannon Heavy Phase Cannon Nova Cannon Long-range Missile Launcher Improved Plasma Cutter CR-A16's Behemoth Slayer [Rating: 149] Favorites ----------- Power Cooled Deuterium Engine Engine Cooled Deuterium Engine Power Core Reinforced Fission Core Reactor Quantum Reactor Propulsion Improved Titanium Leg Treads Light Treads Leg Improved Titanium Leg Utility High-capacity Storage Unit Device Cooling System Storage High-capacity Storage Unit Processor Advanced Targeting Computer Hackware Hacking Suite Protection Hardened Medium Armor Plating Weapon Cooled Plasma Cannon Energy Gun Small Laser Energy Cannon Cooled Plasma Cannon Ballistic Gun Improved Assault Rifle Launcher Long-range Missile Launcher Special Weapon Improved Plasma Cutter Slashing Weapon Scythe Piercing Weapon CR-A16's Pointy Stick Build | -11 -10 -10 -9 -9 -8 -8 -7 -7 -7 -7 -6 -6 -6 -6 -6 -5 -5 -5 -5 -5 -5 -4 -4 -4 -4 -4 -4 -3 -3 ------- Run | Scr Mat Min Mat Min Mat Sto Fac Low Low Zio Pro Fac Low Low Dat Pro Fac Ext Cet Arc Hub Fac Was Fac Upp Upp Zhi Pro Res Slots Evolved 14 | . . . 2 . 2 . 2 . . . . 2 . . . . 2 . . . . 2 . . . . . . 2 Power 1 | . . . . . . . . . . . . 1 . . . . . . . . . . . . . . . . . Propulsion 3 | . . . . . 1 . . . . . . 1 . . . . 1 . . . . . . . . . . . . Utility 10 | . . . 2 . 1 . 2 . . . . . . . . . 1 . . . . 2 . . . . . . 2 Weapon . | . . . . . . . . . . . . . . . . . . . . . . . . . . . . . . Parts Attached 385 | 7 9 5 44 3 26 16 22 . . 1 4 14 1 2 2 7 30 54 10 12 10 12 6 15 3 4 7 5 54 Power 34 | 2 2 . 5 . 1 . 1 . . . . 6 . . . . 1 5 . . 1 1 1 . 2 . 1 . 5 Engine 21 | 2 2 . 5 . 1 . 1 . . . . 5 . . . . 1 4 . . . . . . . . . . . Core 2 | . . . . . . . . . . . . 1 . . . . . 1 . . . . . . . . . . . Reactor 11 | . . . . . . . . . . . . . . . . . . . . . 1 1 1 . 2 . 1 . 5 Propulsion 86 | 2 1 3 12 . 8 6 2 . . . 1 5 . . . . 11 19 1 2 2 . . 5 . . . . 6 Treads 10 | . . . 10 . . . . . . . . . . . . . . . . . . . . . . . . . . Leg 76 | 2 1 3 2 . 8 6 2 . . . 1 5 . . . . 11 19 1 2 2 . . 5 . . . . 6 Wheel . | . . . . . . . . . . . . . . . . . . . . . . . . . . . . . . Hover . | . . . . . . . . . . . . . . . . . . . . . . . . . . . . . . Flight . | . . . . . . . . . . . . . . . . . . . . . . . . . . . . . . Utility 181 | 1 3 . 14 1 9 5 17 . . 1 1 1 1 2 1 1 16 20 6 6 4 10 4 10 . 3 4 5 35 Device 102 | . 1 . 3 1 3 . 7 . . . . . . . 1 . 12 12 3 6 2 8 4 7 . 2 2 2 26 Storage 9 | 1 1 . . . 1 1 1 . . . . . . . . . . . 1 . 1 . . . . . 1 . 1 Processor 10 | . . . . . 1 1 1 . . . . . . . . . 1 1 . . . 1 . 1 . 1 . . 2 Hackware 3 | . . . 1 . . . 1 . . . . . . . . . 1 . . . . . . . . . . . . Protection 57 | . 1 . 10 . 4 3 7 . . 1 1 1 1 2 . 1 2 7 2 . 1 1 . 2 . . 1 3 6 Artifact . | . . . . . . . . . . . . . . . . . . . . . . . . . . . . . . Weapon 84 | 2 3 2 13 2 8 5 2 . . . 2 2 . . 1 6 2 10 3 4 3 1 1 . 1 1 2 . 8 Energy Gun 11 | 1 3 1 4 . 2 . . . . . . . . . . . . . . . . . . . . . . . . Energy Cannon 48 | . . . 3 1 5 3 1 . . . 1 2 . . 1 4 1 8 2 3 2 1 1 . . 1 2 . 6 Ballistic Gun 7 | 1 . 1 5 . . . . . . . . . . . . . . . . . . . . . . . . . . Ballistic Cannon . | . . . . . . . . . . . . . . . . . . . . . . . . . . . . . . Launcher 12 | . . . 1 1 1 1 1 . . . . . . . . 2 1 2 . . . . . . 1 . . . 1 Special Weapon 2 | . . . . . . . . . . . . . . . . . . . 1 1 . . . . . . . . . Impact Weapon . | . . . . . . . . . . . . . . . . . . . . . . . . . . . . . . Slashing Weapon 1 | . . . . . . 1 . . . . . . . . . . . . . . . . . . . . . . . Piercing Weapon 3 | . . . . . . . . . . . 1 . . . . . . . . . 1 . . . . . . . 1 Special Melee Weapon . | . . . . . . . . . . . . . . . . . . . . . . . . . . . . . . Unidentified Prototypes 26 | . . . 5 . 2 2 1 . . . . 1 . . . . 2 . 3 2 1 . . 1 . . 4 . 2 Corrupted Parts 3 | . . . . . . . . . . . . . . . . . 1 . 1 . . . . 1 . . . . . System Corruption 17 | . . . . . . . . . . . . . . . . . 8 . 3 . . . . 6 . . . . . Parts Lost 63 | . 1 6 6 . 1 . . . . . . 2 . 3 . . 1 10 . . 1 1 3 1 . . . 1 26 Power 9 | . . . 1 . . . . . . . . 1 . . . . 1 2 . . . . . . . . . . 4 Propulsion 17 | . . 3 2 . . . . . . . . . . . . . . 3 . . . . . 1 . . . . 8 Utility 25 | . 1 1 2 . 1 . . . . . . . . 2 . . . 3 . . 1 . 3 . . . . 1 10 Weapon 12 | . . 2 1 . . . . . . . . 1 . 1 . . . 2 . . . 1 . . . . . . 4 Highest Loss Streak 22 | . 1 3 2 . 1 . . . . . . 1 . 3 . . 1 7 . . 1 1 3 1 . . . 1 22 To Critical Strikes 2 | . . . . . . . . . . . . . . . . . . 2 . . . . . . . . . . . Average Slot Usage (%) 97 | . 98 85 93 100 99 98 100 100 100 100 100 99 100 98 100 100 99 97 99 99 100 99 98 98 94 94 84 94 92 Engine 7 | . 14 14 10 11 8 9 7 7 7 7 7 13 13 13 13 13 11 10 5 5 . . . . . . . . . Reactor 1 | . . . . . . . . . . . . . . . . . . . . . 4 5 5 5 5 10 10 10 8 Treads 1 | . . . 15 . . . . . . . . . . . . . . . . . . . . . . . . . . Leg 23 | . 28 25 5 22 26 26 23 23 23 23 23 25 26 26 26 26 29 28 28 29 29 26 26 26 26 26 26 26 22 Device 16 | . 8 2 7 11 17 12 13 15 15 15 15 13 13 12 13 13 15 19 22 22 22 33 30 30 26 25 25 21 22 Storage 7 | . 14 14 11 11 9 9 7 7 7 7 7 6 6 6 6 6 5 5 5 5 5 5 5 5 5 5 5 5 5 Processor 12 | . . . . . 1 14 23 23 23 23 23 20 20 19 13 13 17 13 11 11 11 5 5 8 10 11 15 15 17 Protection 8 | . 4 . 18 22 16 8 3 . . 4 7 6 6 6 13 13 6 4 5 5 5 7 10 6 5 4 . 4 4 Energy Gun 1 | . 22 26 3 . . . . . . . . . . . . . . . . . . . . . . . . . . Energy Cannon 12 | . . . 11 21 17 17 14 15 15 15 14 13 13 12 13 12 10 10 10 6 10 10 10 10 9 5 . 10 8 Naked Turns . | . . . . . . . . . . . . . . . . . . . . . . . . . . . . . . Heaviest Build 131 | 14 29 29 54 54 56 54 76 70 70 77 78 91 90 96 97 98 108 105 103 103 110 126 126 118 120 120 113 125 131 Greatest Support 137 | 20 20 20 40 23 58 60 60 60 60 60 60 80 78 78 78 78 108 108 102 116 124 124 124 137 137 137 137 137 137 Greatest Overweight (x) 23 | . 1 2 2 2 1 2 1 1 1 1 1 1 1 1 1 1 1 2 1 1 . 1 1 1 . . . . 23 Average Overweight (x) . | . . 1 1 2 . . . 1 1 1 1 1 1 1 1 1 . . . . . . . . . . . . . Largest Inventory Capacity 20 | 8 15 15 15 15 15 15 20 20 20 20 20 20 20 20 20 20 20 20 20 20 20 20 20 20 20 20 20 20 20 Average Capacity 17 | 6 9 15 15 15 15 15 15 20 20 20 20 20 20 20 20 20 20 20 20 20 20 20 20 20 20 20 20 20 20 Most Carried 20 | 2 8 9 15 15 15 15 18 18 18 20 20 20 20 20 18 19 20 20 20 20 20 19 18 20 20 20 20 20 20 Average Carried 16 | 1 5 7 13 14 14 14 14 18 18 19 19 19 20 19 17 17 19 18 19 19 20 17 16 19 20 20 19 19 19 Final Capacity 20 | 8 15 15 15 15 15 15 20 20 20 20 20 20 20 20 20 20 20 20 20 20 20 20 20 20 20 20 20 20 20 Final Carried 20 | 2 8 6 15 15 15 15 18 18 18 20 20 20 20 19 17 18 19 20 20 20 20 17 17 20 20 20 20 19 14 Class Distribution -------------------- 30% | Skirmisher 29% | Mutant 27% | Scavenger-Mutant 6% | Commander-Mutant 3% | Scavenger-Skirmisher Dominant Class ---------------- Mutant | -10/Materials Mutant | -10/Mines Mutant | -9/Materials Mutant | -9/Mines Mutant | -8/Materials Commander-Mutant | -8/Storage Skirmisher | -7/Factory Skirmisher | -7/Lower Caves Skirmisher | -7/Lower Caves Skirmisher | -7/Zion Skirmisher | -6/Proximity Caves Skirmisher | -6/Factory Skirmisher | -6/Lower Caves Skirmisher | -6/Lower Caves Mutant | -6/Data Miner Mutant | -5/Proximity Caves Skirmisher | -5/Factory Commander-Mutant | -5/Extension Scavenger-Mutant | -5/Cetus Scavenger-Mutant | -5/Archives Scavenger-Mutant | -5/Hub_04(d) Scavenger-Skirmisher | -4/Factory Scavenger-Mutant | -4/Waste Scavenger-Skirmisher | -4/Factory Scavenger-Mutant | -4/Upper Caves Scavenger-Mutant | -4/Upper Caves Scavenger-Mutant | -4/Zhirov Scavenger-Mutant | -3/Proximity Caves Scavenger-Mutant | -3/Research Resources | -11 -10 -10 -9 -9 -8 -8 -7 -7 -7 -7 -6 -6 -6 -6 -6 -5 -5 -5 -5 -5 -5 -4 -4 -4 -4 -4 -4 -3 -3 ----------- Run | Scr Mat Min Mat Min Mat Sto Fac Low Low Zio Pro Fac Low Low Dat Pro Fac Ext Cet Arc Hub Fac Was Fac Upp Upp Zhi Pro Res Matter Collected 5117 | 263 174 24 664 98 344 264 208 . . 10 40 130 10 . . 185 360 674 122 173 97 . 181 151 62 74 . 170 639 Remotely . | . . . . . . . . . . . . . . . . . . . . . . . . . . . . . . Salvage Created 14130 | . 425 114 1318 186 1714 625 801 . 67 . 269 734 . . . 208 1207 1828 336 339 769 233 244 570 146 . . 247 1750 Parts 637 | . 16 7 95 16 72 24 41 . 2 . 13 24 . . . 21 39 64 12 28 30 5 4 22 11 . . 9 82 Haulers Intercepted 29 | . 2 . 6 . 5 5 2 . . . . 2 . . . . . . . . 2 1 . 2 . . . . 2 Recyclers Shooed 17 | . . . 2 1 2 3 1 . . . . . . . . . 3 2 . . . . . . . . . . 3 Parts Field Recycled . | . . . . . . . . . . . . . . . . . . . . . . . . . . . . . . Retrieved Matter . | . . . . . . . . . . . . . . . . . . . . . . . . . . . . . . Parts Self-Destructed 56 | . . . . . . . . . 2 3 7 . 5 2 . 15 . . . . . . . . 11 2 . 9 . Prevented 5 | . . . . . . . . . . . 3 . . 1 . 1 . . . . . . . . . . . . . Kills | -11 -10 -10 -9 -9 -8 -8 -7 -7 -7 -7 -6 -6 -6 -6 -6 -5 -5 -5 -5 -5 -5 -4 -4 -4 -4 -4 -4 -3 -3 ------- Run | Scr Mat Min Mat Min Mat Sto Fac Low Low Zio Pro Fac Low Low Dat Pro Fac Ext Cet Arc Hub Fac Was Fac Upp Upp Zhi Pro Res Combat Hostiles Destroyed 208 | . 8 5 30 8 25 1 12 . 1 . 3 9 . . . 11 16 32 7 . 7 2 1 5 5 . . 3 17 Melee 1 | . . . . . . . . . . . 1 . . . . . . . . . . . . . . . . . . Guns 31 | . 8 5 18 . . . . . . . . . . . . . . . . . . . . . . . . . . Cannons 118 | . . . 8 5 19 1 11 . 1 . 2 8 . . . 2 12 19 5 . 4 1 . 4 2 . . 3 11 AOE 36 | . . . 3 3 3 . . . . . . . . . . 9 2 11 . . . . . . 3 . . . 2 Classes Destroyed 21 | . 4 . 3 . 2 1 2 . 1 . 2 1 . . . . 1 1 . . . 1 1 . . . . . 1 Worker 11 | . . . 2 . . . . . . . . 1 . . . . 2 1 . . 1 . . . . . . . 4 Builder 5 | . . . . . . 1 . . . . . . . . . . . 2 . . 1 . . . . . . . 1 Tunneler 1 | . . . . . . . . . . . . . . . . . . . . . . 1 . . . . . . . Hauler 29 | . 2 . 6 . 5 5 2 . . . . 2 . . . . . . . . 2 1 . 2 . . . . 2 Recycler 13 | . . . . . 2 4 . . . . . . . . . . 2 2 . . 1 . . . . . . . 2 Minesweeper 1 | . . . . . . . . . 1 . . . . . . . . . . . . . . . . . . . . Operator 12 | . . . . . 1 . 1 . . . . . . . . . . . . 9 . . . . . . . . 1 Watcher 21 | . 1 . 4 . 3 . 1 . . . . 1 . . . . 2 2 1 . 1 . . 1 . . . . 4 Swarmer 57 | . 1 3 13 4 3 . . . . . . 2 . . . 9 1 9 3 . . . . . 4 . . . 5 Grunt 75 | . 7 2 8 3 16 . 7 . . . 2 3 . . . . 9 13 . . 1 . . 4 . . . . . Brawler 5 | . . . 1 1 . . . . . . . 1 . . . . . 2 . . . . . . . . . . . Duelist 2 | . . . . . . . 1 . . . . . . . . . . 1 . . . . . . . . . . . Sentry 29 | . . . 8 . 6 1 3 . . . . 1 . . . . 1 3 . . 1 . . . 1 . . 1 3 Demolisher 1 | . . . . . . . . . . . . . . . . . . 1 . . . . . . . . . . . Specialist 3 | . . . . . . . . . . . . . . . . . 1 2 . . . . . . . . . . . Hunter 9 | . . . . . . . . . . . . 2 . . . . 1 . . . 2 2 . . . . . 2 . Programmer 18 | . . . . . . . 1 . 1 . . . . . . 2 3 . 1 . 2 . . 1 . . . . 7 Behemoth 4 | . . . . . . . . . . . 1 . . . . . . 1 . . 1 . . . . . . . 1 Compactor 1 | . . . . . . . . . . . . . . . . . . . . . . . 1 . . . . . . Cetus Guard 3 | . . . . . . . . . . . . . . . . . . . 3 . . . . . . . . . . Striker 1 | . . . . . . . . . . . . . . . . . . . . . . . . . . . . . 1 Mutant 1 | . . . . . . . . . . . 1 . . . . . . . . . . . . . . . . . . Best Kill Streak 10 | . 3 3 4 4 3 4 3 . 1 . 2 6 . . . 5 5 10 3 3 3 3 1 5 5 . . 2 4 Combat Bots Only 10 | . 2 3 4 4 3 1 3 . 1 . 2 5 . . . 5 5 10 3 . 3 2 1 4 5 . . 2 3 Max Kills in Single Turn 5 | . 1 1 3 2 2 1 1 . 1 . 1 1 . . . 3 3 5 1 1 1 2 1 1 3 . . 1 1 Gunslinging . | . . . . . . . . . . . . . . . . . . . . . . . . . . . . . . Exploded 5 | . . . 2 2 2 . . . . . . . . . . 3 2 5 . . . . . . 3 . . . 1 Melee 1 | . . . . . . . . . . . 1 . . . . . . . . . . . . . . . . . . Uniques/NPCs Destroyed . | . . . . . . . . . . . . . . . . . . . . . . . . . . . . . . Combat | -11 -10 -10 -9 -9 -8 -8 -7 -7 -7 -7 -6 -6 -6 -6 -6 -5 -5 -5 -5 -5 -5 -4 -4 -4 -4 -4 -4 -3 -3 -------- Run | Scr Mat Min Mat Min Mat Sto Fac Low Low Zio Pro Fac Low Low Dat Pro Fac Ext Cet Arc Hub Fac Was Fac Upp Upp Zhi Pro Res Damage Taken 17159 | . 642 293 1170 211 1420 164 735 . 60 . 147 621 . 493 . 414 520 1785 194 . 829 39 266 722 35 . . 331 6068 Core 2539 | . 184 60 112 66 219 . 75 . . . 37 20 . 32 . 56 46 171 21 . 66 . 45 73 . . . 23 1233 Absorbed by Shields 267 | . . . . . . . . . . . . . . . . . . 145 13 . . . . . . . . . 109 Regen/Repaired (Parts) 2136 | . 59 . 70 . 574 202 . . . . . . . . . . 192 . 33 53 62 118 5 291 12 . . 68 397 Core Remaining (%) 68 | 100 . 2 . 55 . 60 . . . . 84 . . . . 87 . . . . 69 . . . . . . 87 . Volleys Fired 948 | . 58 15 91 14 101 34 49 . 7 . 5 41 . 1 . 15 46 82 28 43 43 7 28 26 8 9 . 15 182 Largest 2 | . 2 2 2 2 2 2 2 . 2 . 2 2 . 2 . 2 2 2 2 2 2 2 2 2 1 1 . 1 1 Hottest 155 | . 90 90 130 136 136 136 70 . 70 . 70 70 . 70 . 70 70 125 125 125 125 125 155 155 120 120 . 120 120 Shots Fired 1616 | . 116 30 181 30 202 65 90 . 14 . 10 78 . 2 . 24 88 156 52 67 84 13 55 41 8 9 . 19 182 Gun 268 | . 116 30 122 . . . . . . . . . . . . . . . . . . . . . . . . . . Cannon 1307 | . . . 57 28 200 65 90 . 14 . 10 78 . 2 . 18 86 152 47 54 84 13 55 41 7 9 . 19 178 Launcher 23 | . . . 2 2 2 . . . . . . . . . . 6 2 4 . . . . . . 1 . . . 4 Special 18 | . . . . . . . . . . . . . . . . . . . 5 13 . . . . . . . . . Kinetic 109 | . 31 4 74 . . . . . . . . . . . . . . . . . . . . . . . . . . Thermal 1484 | . 85 26 105 28 200 65 90 . 14 . 10 78 . 2 . 18 86 152 52 67 84 13 55 41 7 9 . 19 178 Explosive 23 | . . . 2 2 2 . . . . . . . . . . 6 2 4 . . . . . . 1 . . . 4 Electromagnetic . | . . . . . . . . . . . . . . . . . . . . . . . . . . . . . . Robot Hit Streak 32 | . 7 11 12 8 17 12 20 . 10 . 6 13 . . . 10 13 25 6 8 22 31 32 10 7 . . 12 17 Robot Miss Streak 7 | . 4 3 6 3 7 2 3 . . . 4 2 . . . 2 2 3 1 3 3 . 3 2 1 . . 1 4 Penetration Max . | . . . . . . . . . . . . . . . . . . . . . . . . . . . . . . Secondary Targets 1 | . . 1 . . . . . . . . . . . . . . . . . . . . . . . . . . . Max Gunslinging Chain 1 | . . 1 . . . . . . . . . . . . . . . . . . . . . . . . . . . Capacitor 222 | . . . . . . . . . . . . . . . . . . . . . . . . 9 7 9 . 19 178 Shots Hit Robots 1013 | . 82 18 114 14 141 39 53 . 7 . 9 47 . . . 11 52 109 38 47 43 9 26 28 3 . . 13 110 Core Hits 427 | . 22 9 54 9 53 8 17 . 2 . 6 17 . . . 12 31 67 11 24 14 3 . 10 6 . . 5 47 Critical Kills 17 | . . . 1 . 3 2 . . . . . . . . . . 2 1 2 . 2 1 1 1 . . . . 1 Critical Parts Destroyed 2 | . 1 . 1 . . . . . . . . . . . . . . . . . . . . . . . . . . Critical Strikes 26 | . 6 . 2 . 3 2 . . . . . . . . . . 2 1 2 1 3 1 1 1 . . . . 1 Burn 5 | . 5 . . . . . . . . . . . . . . . . . . . . . . . . . . . . Meltdown 17 | . . . 1 . 3 2 . . . . . . . . . . 2 1 2 . 2 1 1 1 . . . . 1 Destroy 2 | . 1 . 1 . . . . . . . . . . . . . . . . . . . . . . . . . . Sever 1 | . . . . . . . . . . . . . . . . . . . . 1 . . . . . . . . . Impale 1 | . . . . . . . . . . . . . . . . . . . . . 1 . . . . . . . . Melee Attacks 7 | . . . . . . 1 . . . . 3 . . . . . . . . . 2 . . . . . . . 1 Impact . | . . . . . . . . . . . . . . . . . . . . . . . . . . . . . . Slashing 1 | . . . . . . 1 . . . . . . . . . . . . . . . . . . . . . . . Piercing 6 | . . . . . . . . . . . 3 . . . . . . . . . 2 . . . . . . . 1 Sneak Attacks . | . . . . . . . . . . . . . . . . . . . . . . . . . . . . . . Combat Hostiles . | . . . . . . . . . . . . . . . . . . . . . . . . . . . . . . Follow-up Attacks . | . . . . . . . . . . . . . . . . . . . . . . . . . . . . . . Damage Inflicted 35018 | . 1023 225 2124 685 3283 1283 1775 . 249 . 349 1588 . . . 1237 2076 5332 1246 1446 1672 871 1162 1159 234 . . 539 5460 Guns 2249 | . 996 220 1033 . . . . . . . . . . . . . . . . . . . . . . . . . . Cannons 26856 | . . . 722 318 2988 1246 1739 . 249 . 259 1563 . . . 385 1720 3635 1177 1304 1399 332 1162 1159 126 . . 539 4834 Explosions 5194 | . . . 334 362 294 . . . . . . . . . . 852 324 1636 . . 233 539 . . 108 . . . 512 Melee 125 | . . . . . . . . . . . 90 . . . . . . . . . 35 . . . . . . . . Ramming 383 | . 27 5 35 5 1 37 36 . . . . 25 . . . . 32 61 . . 5 . . . . . . . 114 Kinetic 932 | . 294 25 613 . . . . . . . . . . . . . . . . . . . . . . . . . . Thermal 29137 | . 702 195 1327 347 2988 1246 1739 . 249 . 259 1563 . . . 385 1720 3635 1246 1446 1399 871 1162 1159 126 . . 539 4834 Explosive 4208 | . . . 149 333 294 . . . . . . . . . . 852 324 1636 . . . . . . 108 . . . 512 Electromagnetic 233 | . . . . . . . . . . . . . . . . . . . . . 233 . . . . . . . . Impact . | . . . . . . . . . . . . . . . . . . . . . . . . . . . . . . Slashing . | . . . . . . . . . . . . . . . . . . . . . . . . . . . . . . Piercing 125 | . . . . . . . . . . . 90 . . . . . . . . . 35 . . . . . . . . Highest Corruption 18 | . . . 4 4 5 5 . . . . . . . . . 2 9 9 12 12 7 . 6 17 17 17 17 17 18 Average Corruption 7 | . . . 3 4 5 5 . . . . . . . . . 1 2 9 9 9 3 . 6 10 17 17 17 17 4 Corruption Purged 12 | . . . . . . . . . . . . . . . . . . . . 12 . . . . . . . . . Corruption Blocked 8 | . . . . . . . . . . . . . . . . . . 8 . . . . . . . . . . . Effects 359 | . . . 18 26 24 42 . . . . . . . . . 7 13 62 13 18 . . 14 21 9 18 7 42 25 Message Errors 82 | . . . 2 5 4 13 . . . . . . . . . 2 4 12 3 2 . . 5 7 2 4 3 7 7 Matter Fused 94 | . . . 4 7 6 15 . . . . . . . . . 2 2 15 3 6 . . 3 1 4 5 2 11 8 Heat Flow Errors 44 | . . . 5 2 5 2 . . . . . . . . . . 4 9 3 2 . . 1 4 1 . . 5 1 Energy Discharges 39 | . . . 2 2 . 5 . . . . . . . . . . 1 8 1 2 . . 2 4 . 5 1 4 2 Parts Rejected 5 | . . . . 1 . . . . . . . . . . . . . 2 . . . . . 1 . . . . 1 Data Loss (minor) 38 | . . . 1 3 3 3 . . . . . . . . . 2 . 11 . . . . 1 2 2 2 . 7 1 Data Loss (major) 18 | . . . 1 2 2 2 . . . . . . . . . 1 . 1 . 2 . . 1 . . 1 1 2 2 Misfires 21 | . . . 1 4 3 1 . . . . . . . . . . 1 1 2 1 . . 1 . . . . 5 1 Alerts 8 | . . . 2 . . 1 . . . . . . . . . . . 1 . 1 . . . 1 . 1 . . 1 Weapon Failures 10 | . . . . . 1 . . . . . . . . . . . 1 2 1 2 . . . 1 . . . 1 1 Overload Shots 1 | . . . . . . 1 . . . . . . . . . . . . . . . . . . . . . . . Overflow Damage 1214 | . . . 126 36 72 62 39 . 51 . . 59 . . . 93 104 126 1 62 19 40 . 48 . . . 39 237 Projectiles 768 | . . . 1 . 72 62 39 . 51 . . 59 . . . 26 104 59 1 62 14 . . 48 . . . 39 131 Explosions 414 | . . . 125 36 . . . . . . . . . . . 67 . 60 . . 5 40 . . . . . . 81 Melee 32 | . . . . . . . . . . . . . . . . . . 7 . . . . . . . . . . 25 Knockbacks 4 | . . . 1 . . 2 1 . . . . . . . . . . . . . . . . . . . . . . Impact 4 | . . . 1 . . 2 1 . . . . . . . . . . . . . . . . . . . . . . Kinetic . | . . . . . . . . . . . . . . . . . . . . . . . . . . . . . . Secondary . | . . . . . . . . . . . . . . . . . . . . . . . . . . . . . . Self-Inflicted Damage 323 | . . . . 69 . . . . . . . . . . . 48 . . . . 94 . . . . . . . 112 Shots 6 | . . . . 2 . . . . . . . . . . . 1 . . . . 1 . . . . . . . 2 Rammed 6 | . . . 6 . . . . . . . . . . . . . . . . . . . . . . . . . . Targets Rammed 41 | . 7 2 8 1 1 5 4 . . . . 2 . . . . 2 5 . . 1 . . . . . . . 3 Kicked 35 | . 7 2 2 1 1 5 4 . . . . 2 . . . . 2 5 . . 1 . . . . . . . 3 Crushed . | . . . . . . . . . . . . . . . . . . . . . . . . . . . . . . Highest Temperature 409 | . 306 69 354 216 235 130 7 . . . . 9 . . . 5 202 409 317 250 90 90 199 289 218 95 . 138 220 Average Temperature 62 | . 112 21 46 67 63 59 7 . . . . 9 . . . 5 90 68 73 61 23 35 63 120 75 47 . 49 48 Received Heat Transfer 3208 | . 381 99 225 63 612 54 195 . . . 33 120 . 211 . . 63 343 . . 102 . . 117 . . . 9 581 Effects 1 | . . . 1 . . . . . . . . . . . . . . . . . . . . . . . . . . Energy Bleed 1 | . . . 1 . . . . . . . . . . . . . . . . . . . . . . . . . . Siege Activations . | . . . . . . . . . . . . . . . . . . . . . . . . . . . . . . Robots Corrupted . | . . . . . . . . . . . . . . . . . . . . . . . . . . . . . . Combat Hostiles . | . . . . . . . . . . . . . . . . . . . . . . . . . . . . . . Parts Fried 3 | . . . . . . . . . . . . . . . . . . 3 . . . . . . . . . . . Impact Corruptions 3 | . . . . . . . . . . . . . . . . . . 1 . . . . . . . . . . 2 Robots Melted 30 | . . . 1 . 3 2 2 . . . . 3 . . . . 3 2 2 . 4 2 1 1 . . . . 4 Combat Hostiles 20 | . . . 1 . 3 . 1 . . . . 1 . . . . 2 2 2 . 2 1 1 1 . . . . 3 Parts Melted 124 | . 7 2 7 . 12 4 7 . . . 1 5 . . . 2 13 14 2 8 10 2 2 5 . . . 1 20 Heat Transferred 41776 | . 2300 509 2250 605 5180 2027 2650 . 350 . 400 2450 . . . 500 2600 5637 1948 2383 2150 850 1268 1192 111 . . 481 3935 Parts Sabotaged . | . . . . . . . . . . . . . . . . . . . . . . . . . . . . . . Parts Stolen . | . . . . . . . . . . . . . . . . . . . . . . . . . . . . . . Parts Stripped . | . . . . . . . . . . . . . . . . . . . . . . . . . . . . . . Power Chain Reactions . | . . . . . . . . . . . . . . . . . . . . . . . . . . . . . . Missiles Intercepted . | . . . . . . . . . . . . . . . . . . . . . . . . . . . . . . Alert | -11 -10 -10 -9 -9 -8 -8 -7 -7 -7 -7 -6 -6 -6 -6 -6 -5 -5 -5 -5 -5 -5 -4 -4 -4 -4 -4 -4 -3 -3 ------- Run | Scr Mat Min Mat Min Mat Sto Fac Low Low Zio Pro Fac Low Low Dat Pro Fac Ext Cet Arc Hub Fac Was Fac Upp Upp Zhi Pro Res Peak Influence 1901 | . 157 88 413 273 537 655 343 . . . . 242 . . . . 800 1901 1556 892 942 662 248 435 . . . . 488 Initial 1047 | . . 28 33 111 . 215 127 . . . . . . . . . 86 387 1047 622 247 456 231 18 . . . . . Average 318 | . 66 54 240 136 244 302 165 . . . . 90 . . . . 349 827 1328 796 539 539 136 325 . . . . 164 Maximum Alert Level 5 | . . . 2 1 2 2 1 . . . . 1 . . . . 3 5 4 3 3 2 1 2 . . . . 2 Low Security (%) 43 | 100 100 100 37 67 45 . 70 . . . . 94 . . . . 41 . . . . . 62 9 . . . . 70 Level 1 29 | . . . 61 32 24 83 29 . . . . 5 . . . . 14 17 . . 17 . 37 56 . . . . 22 Level 2 16 | . . . . . 29 16 . . . . . . . . . . 32 36 . 10 77 100 . 34 . . . . 7 Level 3 5 | . . . . . . . . . . . . . . . . . 11 16 9 89 5 . . . . . . . . Level 4 4 | . . . . . . . . . . . . . . . . . . 25 90 . . . . . . . . . . Level 5 . | . . . . . . . . . . . . . . . . . . 3 . . . . . . . . . . . High Security . | . . . . . . . . . . . . . . . . . . . . . . . . . . . . . . Max Security . | . . . . . . . . . . . . . . . . . . . . . . . . . . . . . . Squads Dispatched 53 | . 2 . 3 . 2 1 4 . . . . 2 . . . . 7 9 . . 10 . . 4 . . . . 9 Investigation 9 | . 2 . 1 . . . 1 . . . . . . . . . 1 1 . . . . . 2 . . . . 1 Extermination 10 | . . . . . . . 1 . . . . 1 . . . . 3 . . . 2 . . 1 . . . . 2 Reinforcement 21 | . . . 2 . 2 1 2 . . . . . . . . . 2 3 . . 4 . . 1 . . . . 4 Assault 7 | . . . . . . . . . . . . . . . . . 1 5 . . 1 . . . . . . . . Garrison 6 | . . . . . . . . . . . . 1 . . . . . . . . 3 . . . . . . . 2 Intercept . | . . . . . . . . . . . . . . . . . . . . . . . . . . . . . . Searches Triggered . | . . . . . . . . . . . . . . . . . . . . . . . . . . . . . . Data Miner Redirects 5 | . . . . . . . . . . . . . . . . . 2 . . . 1 . . . . . . . 2 Construction Impeded 5 | . . . . . . 1 . . . . . . . . . . . 3 . . . . . . . . . . 1 Haulers Reinforced 6 | . . . . . . . 1 . . . . . . . . . 1 . . . 2 . . 1 . . . . 1 Active Scanning Responses . | . . . . . . . . . . . . . . . . . . . . . . . . . . . . . . Cargo Convoy Interrupts 1 | . . . . . . . . . . . . . . . . . . . . . . . . . . . . . 1 Stealth | -11 -10 -10 -9 -9 -8 -8 -7 -7 -7 -7 -6 -6 -6 -6 -6 -5 -5 -5 -5 -5 -5 -4 -4 -4 -4 -4 -4 -3 -3 --------- Run | Scr Mat Min Mat Min Mat Sto Fac Low Low Zio Pro Fac Low Low Dat Pro Fac Ext Cet Arc Hub Fac Was Fac Upp Upp Zhi Pro Res Distress Signals 27 | . 2 . 3 . 5 2 2 . . . . 2 . . . . 3 . 2 . 1 . . . . . . . 5 Communications Jammed 17 | . . . . . . . . . . . . . . . . . . . . . . . . . . . . . 17 Distress Signals 16 | . . . . . . . . . . . . . . . . . . . . . . . . . . . . . 16 Times Spotted 441 | . 21 5 39 8 43 18 20 . 1 . 5 18 . 4 . 12 35 69 15 13 19 2 11 9 2 . . 3 69 Peak Tracking Total 13 | . 4 3 4 4 5 3 4 . 1 . 4 4 . 4 . 5 6 11 5 2 4 2 5 5 1 . . 2 13 Tactical Retreats 21 | . 1 . 1 . 1 1 . . . . . . . . . . 1 4 . . 1 . 2 . . . . . 9 Traps | -11 -10 -10 -9 -9 -8 -8 -7 -7 -7 -7 -6 -6 -6 -6 -6 -5 -5 -5 -5 -5 -5 -4 -4 -4 -4 -4 -4 -3 -3 ------- Run | Scr Mat Min Mat Min Mat Sto Fac Low Low Zio Pro Fac Low Low Dat Pro Fac Ext Cet Arc Hub Fac Was Fac Upp Upp Zhi Pro Res Traps Triggered 22 | . . . 2 . . 3 . . . . . 3 . . . . 1 6 . . 1 1 . 3 . . . . 2 Indirectly . | . . . . . . . . . . . . . . . . . . . . . . . . . . . . . . Trap Hack Attempts . | . . . . . . . . . . . . . . . . . . . . . . . . . . . . . . Triggered . | . . . . . . . . . . . . . . . . . . . . . . . . . . . . . . Disarmed . | . . . . . . . . . . . . . . . . . . . . . . . . . . . . . . Reprogrammed . | . . . . . . . . . . . . . . . . . . . . . . . . . . . . . . Reused . | . . . . . . . . . . . . . . . . . . . . . . . . . . . . . . Traps Extracted . | . . . . . . . . . . . . . . . . . . . . . . . . . . . . . . Installed . | . . . . . . . . . . . . . . . . . . . . . . . . . . . . . . Triggered 1 | . . . . . . . . . . . . . . . . 1 . . . . . . . . . . . . . Machines | -11 -10 -10 -9 -9 -8 -8 -7 -7 -7 -7 -6 -6 -6 -6 -6 -5 -5 -5 -5 -5 -5 -4 -4 -4 -4 -4 -4 -3 -3 ---------- Run | Scr Mat Min Mat Min Mat Sto Fac Low Low Zio Pro Fac Low Low Dat Pro Fac Ext Cet Arc Hub Fac Was Fac Upp Upp Zhi Pro Res Machines Disabled 51 | . . . 2 2 2 3 7 . . . . 5 . . . . 4 . 1 3 12 6 . . . . . . 4 Max in Single Turn 7 | . . . 1 1 1 1 2 . . . . 3 . . . . 2 . 1 1 7 6 . . . . . . 1 Garrison Access 4 | . . . . . 1 1 . . . . . 1 . . . . . . . . . . . . . . . . 1 Network Hub 1 | . . . . . . . . . . . . . . . . . . . . . 1 . . . . . . . . Machines Sabotaged . | . . . . . . . . . . . . . . . . . . . . . . . . . . . . . . Garrisons Compromised . | . . . . . . . . . . . . . . . . . . . . . . . . . . . . . . Overloaded Fab Kills . | . . . . . . . . . . . . . . . . . . . . . . . . . . . . . . Hacking | -11 -10 -10 -9 -9 -8 -8 -7 -7 -7 -7 -6 -6 -6 -6 -6 -5 -5 -5 -5 -5 -5 -4 -4 -4 -4 -4 -4 -3 -3 --------- Run | Scr Mat Min Mat Min Mat Sto Fac Low Low Zio Pro Fac Low Low Dat Pro Fac Ext Cet Arc Hub Fac Was Fac Upp Upp Zhi Pro Res Machines Accessed 75 | . 10 . 9 . 12 14 8 . 1 . . 3 . . 4 . 4 . . . . . . 2 . 2 4 . 2 Terminals 39 | . 7 . 7 . 8 11 5 . . . . . . . . . . . . . . . . . . . . . 1 Fabricators 8 | . . . . . . . 2 . . . . 2 . . . . 3 . . . . . . 1 . . . . . Repair Stations 8 | . 1 . 1 . 2 2 . . . . . . . . . . 1 . . . . . . 1 . . . . . Recycling Units 2 | . 2 . . . . . . . . . . . . . . . . . . . . . . . . . . . . Scanalyzers 2 | . . . 1 . 1 . . . . . . . . . . . . . . . . . . . . . . . . Garrison Access 5 | . . . . . 1 1 1 . . . . 1 . . . . . . . . . . . . . . . . 1 Total Hacks 239 | . 25 . 21 . 50 41 24 . 1 . . 7 . . 26 . 8 . . . . . . 10 . 5 16 . 5 Successful 162 | . 15 . 14 . 32 23 14 . 1 . . 3 . . 26 . 6 . . . . . . 5 . 5 16 . 2 Failed 76 | . 10 . 7 . 17 18 10 . . . . 4 . . . . 2 . . . . . . 5 . . . . 3 Catastrophic 7 | . 1 . 1 . 1 . 1 . . . . . . . . . 1 . . . . . . 2 . . . . . Database Lockouts 1 | . . . . . 1 . . . . . . . . . . . . . . . . . . . . . . . . Manual 186 | . 14 . 17 . 30 23 18 . . . . 6 . . . . 23 10 1 . 19 7 . 9 . . . . 9 Terminals 126 | . 19 . 18 . 35 34 18 . . . . . . . . . . . . . . . . . . . . . 2 Fabricators 20 | . . . . . . . 5 . . . . 5 . . . . 6 . . . . . . 4 . . . . . Repair Stations 29 | . 4 . 2 . 11 4 . . . . . . . . . . 2 . . . . . . 6 . . . . . Recycling Units 2 | . 2 . . . . . . . . . . . . . . . . . . . . . . . . . . . . Scanalyzers 3 | . . . 1 . 2 . . . . . . . . . . . . . . . . . . . . . . . . Garrison Access 11 | . . . . . 2 3 1 . . . . 2 . . . . . . . . . . . . . . . . 3 Terminal Hacks 90 | . 3 . 6 . 11 14 7 . 1 . . . . . 26 . . . . . . . . . . 5 16 . 1 Record 20 | . . . . . . . . . . . . . . . 11 . . . . . . . . . . 4 5 . . Part Schematic 14 | . . . . . . 1 2 . . . . . . . 8 . . . . . . . . . . . 3 . . Robot Schematic 4 | . . . . . . . . . . . . . . . 4 . . . . . . . . . . . . . . Robot Analysis 8 | . . . 3 . 1 . . . . . . . . . . . . . . . . . . . . . 4 . . Prototype ID Bank 9 | . . . . . . 1 1 . . . . . . . 3 . . . . . . . . . . . 4 . . Open Door 4 | . . . . . . 2 . . 1 . . . . . . . . . . . . . . . . 1 . . . Open DSF 1 | . . . . . . . . . . . . . . . . . . . . . . . . . . . . . 1 Branch Access Points 3 | . 1 . . . 1 . 1 . . . . . . . . . . . . . . . . . . . . . . Emergency Access Points 1 | . . . 1 . . . . . . . . . . . . . . . . . . . . . . . . . . Terminal Index 4 | . 1 . . . 2 1 . . . . . . . . . . . . . . . . . . . . . . . Repair Station Index 1 | . . . . . 1 . . . . . . . . . . . . . . . . . . . . . . . . Alert Level 9 | . . . . . 4 4 1 . . . . . . . . . . . . . . . . . . . . . . Unreport Threat 5 | . . . 1 . . 3 1 . . . . . . . . . . . . . . . . . . . . . . Reinforcement Status 1 | . 1 . . . . . . . . . . . . . . . . . . . . . . . . . . . . Hauler Manifests 2 | . . . 1 . . . 1 . . . . . . . . . . . . . . . . . . . . . . Zone Layout 4 | . . . . . 2 2 . . . . . . . . . . . . . . . . . . . . . . . Fabricator Hacks 8 | . . . . . . . 3 . . . . 1 . . . . 3 . . . . . . 1 . . . . . Network Status 4 | . . . . . . . 1 . . . . 1 . . . . 1 . . . . . . 1 . . . . . Load Schematic 2 | . . . . . . . 1 . . . . . . . . . 1 . . . . . . . . . . . . Build 2 | . . . . . . . 1 . . . . . . . . . 1 . . . . . . . . . . . . Repair Station Hacks 24 | . 4 . 2 . 9 4 . . . . . . . . . . 2 . . . . . . 3 . . . . . Scan Component 13 | . 2 . 1 . 5 2 . . . . . . . . . . 1 . . . . . . 2 . . . . . Repair 11 | . 2 . 1 . 4 2 . . . . . . . . . . 1 . . . . . . 1 . . . . . Recycling Unit Hacks . | . . . . . . . . . . . . . . . . . . . . . . . . . . . . . . Scanalyzer 3 | . . . 1 . 2 . . . . . . . . . . . . . . . . . . . . . . . . Insert Component 2 | . . . 1 . 1 . . . . . . . . . . . . . . . . . . . . . . . . Analyze 1 | . . . . . 1 . . . . . . . . . . . . . . . . . . . . . . . . Garrison Access Hacks 4 | . . . . . 1 1 . . . . . 1 . . . . . . . . . . . . . . . . 1 Seal Access 4 | . . . . . 1 1 . . . . . 1 . . . . . . . . . . . . . . . . 1 Unauthorized Hacks 33 | . 8 . 5 . 9 4 4 . . . . 1 . . . . 1 . . . . . . 1 . . . . . Terminals 27 | . 6 . 5 . 9 4 3 . . . . . . . . . . . . . . . . . . . . . . Track 1 | . . . . . 1 . . . . . . . . . . . . . . . . . . . . . . . . Botnet 25 | . 6 . 5 . 7 4 3 . . . . . . . . . . . . . . . . . . . . . . Operators 1 | . . . . . 1 . . . . . . . . . . . . . . . . . . . . . . . . Fabricators 4 | . . . . . . . 1 . . . . 1 . . . . 1 . . . . . . 1 . . . . . Haulers 4 | . . . . . . . 1 . . . . 1 . . . . 1 . . . . . . 1 . . . . . Repair Stations . | . . . . . . . . . . . . . . . . . . . . . . . . . . . . . . Recycling Units 2 | . 2 . . . . . . . . . . . . . . . . . . . . . . . . . . . . Tunnel 2 | . 2 . . . . . . . . . . . . . . . . . . . . . . . . . . . . Scanalyzers . | . . . . . . . . . . . . . . . . . . . . . . . . . . . . . . Garrison Access . | . . . . . . . . . . . . . . . . . . . . . . . . . . . . . . Data Cores Recovered 1 | . . . . . . . . . . . . . . . . . . . . . . . . . . . . . 1 Used . | . . . . . . . . . . . . . . . . . . . . . . . . . . . . . . Hacking Detections 50 | . 8 . 8 . 8 11 7 . . . . 2 . . . . 3 . . . . . . 2 . . . . 1 Full Trace Events 3 | . 1 . . . . . 1 . . . . . . . . . . . . . . . . 1 . . . . . Feedback Events . | . . . . . . . . . . . . . . . . . . . . . . . . . . . . . . Feedback Blocked . | . . . . . . . . . . . . . . . . . . . . . . . . . . . . . . Robot Schematics Acquired 12 | . . . . . . . . . . 3 . . . . 4 . . . . . 5 . . . . . . . . Robots Built . | . . . . . . . . . . . . . . . . . . . . . . . . . . . . . . Authchips . | . . . . . . . . . . . . . . . . . . . . . . . . . . . . . . Time . | . . . . . . . . . . . . . . . . . . . . . . . . . . . . . . Total Robot Build Rating . | . . . . . . . . . . . . . . . . . . . . . . . . . . . . . . Part Schematics Acquired 42 | . . . . . 1 1 2 . . 15 . . . . 8 . . 12 . . . . . . . . 3 . . Parts Built 2 | . . . . . . . 1 . . . . . . . . . 1 . . . . . . . . . . . . Authchips 1 | . . . . . . . . . . . . . . . . . 1 . . . . . . . . . . . . Time 83 | . . . . . . . 25 . . . . . . . . . 58 . . . . . . . . . . . . Total Part Build Rating 8 | . . . . . . . 1 . . . . . . . . . 7 . . . . . . . . . . . . Parts Repaired 11 | . 2 . 1 . 4 2 . . . . . . . . . . 1 . . . . . . 1 . . . . . Time 481 | . 52 . 32 . 165 82 . . . . . . . . . . 38 . . . . . . 112 . . . . . Parts Recycled . | . . . . . . . . . . . . . . . . . . . . . . . . . . . . . . Recycled Matter . | . . . . . . . . . . . . . . . . . . . . . . . . . . . . . . Retrieved Matter . | . . . . . . . . . . . . . . . . . . . . . . . . . . . . . . Retrieved Components . | . . . . . . . . . . . . . . . . . . . . . . . . . . . . . . Parts Scanalyzed 1 | . . . . . 1 . . . . . . . . . . . . . . . . . . . . . . . . Part Schematics Acquired 1 | . . . . . 1 . . . . . . . . . . . . . . . . . . . . . . . . Parts Damaged . | . . . . . . . . . . . . . . . . . . . . . . . . . . . . . . Bothacking | -11 -10 -10 -9 -9 -8 -8 -7 -7 -7 -7 -6 -6 -6 -6 -6 -5 -5 -5 -5 -5 -5 -4 -4 -4 -4 -4 -4 -3 -3 ------------ Run | Scr Mat Min Mat Min Mat Sto Fac Low Low Zio Pro Fac Low Low Dat Pro Fac Ext Cet Arc Hub Fac Was Fac Upp Upp Zhi Pro Res Used RIF Installer . | . . . . . . . . . . . . . . . . . . . . . . . . . . . . . . Robots Hacked . | . . . . . . . . . . . . . . . . . . . . . . . . . . . . . . Non-combat . | . . . . . . . . . . . . . . . . . . . . . . . . . . . . . . Combat . | . . . . . . . . . . . . . . . . . . . . . . . . . . . . . . Robot Hacks Applied . | . . . . . . . . . . . . . . . . . . . . . . . . . . . . . . Relay Couplers Released . | . . . . . . . . . . . . . . . . . . . . . . . . . . . . . . Fabnet Peak Effective % . | . . . . . . . . . . . . . . . . . . . . . . . . . . . . . . Robots Rewired 26 | . . . . . . . . . . . . . . . . . . 26 . . . . . . . . . . . Allies Hacked 1 | . . . . . . . . . . . . . . . . . . . . . . . . . . . . . 1 Hacks Repelled . | . . . . . . . . . . . . . . . . . . . . . . . . . . . . . . Allies | -11 -10 -10 -9 -9 -8 -8 -7 -7 -7 -7 -6 -6 -6 -6 -6 -5 -5 -5 -5 -5 -5 -4 -4 -4 -4 -4 -4 -3 -3 -------- Run | Scr Mat Min Mat Min Mat Sto Fac Low Low Zio Pro Fac Low Low Dat Pro Fac Ext Cet Arc Hub Fac Was Fac Upp Upp Zhi Pro Res Total Allies 117 | . . . . . . 11 . . . 8 . 3 . . . 1 11 39 5 . 6 3 19 3 . . . . 8 Largest Group 19 | . . . . . . 10 4 . . 8 8 3 . . . 1 5 19 7 5 3 3 18 17 . . . . 6 Highest-Rated Group 782 | . . . . . . 203 142 . . 238 238 210 . . . 96 310 707 644 466 279 117 656 782 . . . . 231 Highest-Rated Ally 159 | . . . . . . 100 100 . . 40 40 70 . . . 96 96 159 147 96 96 39 50 103 . . . . 39 Zionite Dispatches 12 | . . . . . . . . . . . . 1 . . . . 3 1 . . 2 1 . 2 . . . . 2 Heavy 2 | . . . . . . . . . . . . . . . . . 1 . . . . . . 1 . . . . . Light 3 | . . . . . . . . . . . . 1 . . . . 1 . . . 1 . . . . . . . . Fire 4 | . . . . . . . . . . . . . . . . . 1 . . . . 1 . . . . . . 2 Hacker 2 | . . . . . . . . . . . . . . . . . . 1 . . 1 . . . . . . . . Defense Resupply 1 | . . . . . . . . . . . . . . . . . . . . . . . . 1 . . . . . Total Orders 6 | . . . . . . 4 . . . . . . . . . . . . 1 . . . . 1 . . . . . STAY 3 | . . . . . . 2 . . . . . . . . . . . . 1 . . . . . . . . . . ROAM 1 | . . . . . . 1 . . . . . . . . . . . . . . . . . . . . . . . FOLLOW 1 | . . . . . . 1 . . . . . . . . . . . . . . . . . . . . . . . DROP 1 | . . . . . . . . . . . . . . . . . . . . . . . . 1 . . . . . Ally Attacks 985 | . . . . . . 120 15 . . . 39 47 . . . 5 135 300 54 16 65 1 123 45 . . . . 20 Total Damage 24828 | . . . . . . 1854 201 . . . 1052 993 . . . 96 3628 6554 1624 543 2248 10 4445 1281 . . . . 299 Kills 155 | . . . . . . 22 3 . . . 3 10 . . . 1 23 49 8 4 13 . 6 10 . . . . 3 Allies Corrupted 7 | . . . . . . 1 . . . . . . . . . . . . . . . . . 5 . . . . 1 Allies Melted 3 | . . . . . . . . . . . . . . . . . 1 1 . . . . . . . . . . 1 Intel | -11 -10 -10 -9 -9 -8 -8 -7 -7 -7 -7 -6 -6 -6 -6 -6 -5 -5 -5 -5 -5 -5 -4 -4 -4 -4 -4 -4 -3 -3 ------- Run | Scr Mat Min Mat Min Mat Sto Fac Low Low Zio Pro Fac Low Low Dat Pro Fac Ext Cet Arc Hub Fac Was Fac Upp Upp Zhi Pro Res Robot Analysis Total 8 | . . . 3 . 1 . . . . . . . . . . . . . . . . . . . . . 4 . . Derelict Logs Recovered 15 | . . 1 . 3 . . . 1 2 2 1 . 3 . . 1 . . . . . . . . 1 . . . . Drone Launches . | . . . . . . . . . . . . . . . . . . . . . . . . . . . . . . Drone Recoveries . | . . . . . . . . . . . . . . . . . . . . . . . . . . . . . . Zionite Intel Received 9 | . . . . . . . . . . . . . . . . . 2 2 . . 3 1 . . . . . . 1 Guard Positions 1 | . . . . . . . . . . . . . . . . . . . . . 1 . . . . . . . . Prototype Schematics 1 | . . . . . . . . . . . . . . . . . . 1 . . . . . . . . . . . Unaware Schematics 1 | . . . . . . . . . . . . . . . . . . . . . 1 . . . . . . . . Unaware Analyses 1 | . . . . . . . . . . . . . . . . . . 1 . . . . . . . . . . . Trap Installations 1 | . . . . . . . . . . . . . . . . . . . . . . 1 . . . . . . . Active Terminals 1 | . . . . . . . . . . . . . . . . . . . . . . . . . . . . . 1 Active Garrisons 2 | . . . . . . . . . . . . . . . . . 1 . . . 1 . . . . . . . . Depthwide Sectors/-1 1 | . . . . . . . . . . . . . . . . . 1 . . . . . . . . . . . . Exploration | -11 -10 -10 -9 -9 -8 -8 -7 -7 -7 -7 -6 -6 -6 -6 -6 -5 -5 -5 -5 -5 -5 -4 -4 -4 -4 -4 -4 -3 -3 ------------- Run | Scr Mat Min Mat Min Mat Sto Fac Low Low Zio Pro Fac Low Low Dat Pro Fac Ext Cet Arc Hub Fac Was Fac Upp Upp Zhi Pro Res Turns Passed 28346 | 59 1158 184 2754 1209 2170 1556 1594 725 791 1996 519 1492 698 399 155 556 1754 1865 380 609 775 236 666 636 368 431 184 941 1486 Spaces Moved 13648 | 44 635 67 995 444 896 745 837 362 379 994 238 597 357 202 79 255 1086 819 144 172 453 136 443 379 287 334 141 363 765 Core 8 | 7 . . . . . . . . . . . . . . . . . . . . . . . . . . . . 1 Treads 737 | . . . 737 . . . . . . . . . . . . . . . . . . . . . . . . . . Legs 12903 | 37 635 67 258 444 896 745 837 362 379 994 238 597 357 202 79 255 1086 819 144 172 453 136 443 379 287 334 141 363 764 Wheels . | . . . . . . . . . . . . . . . . . . . . . . . . . . . . . . Hover . | . . . . . . . . . . . . . . . . . . . . . . . . . . . . . . Flight . | . . . . . . . . . . . . . . . . . . . . . . . . . . . . . . Fastest Speed 50 | 50 120 190 160 260 126 126 130 200 200 200 200 195 195 195 195 195 116 116 122 124 122 122 122 118 118 118 118 118 115 Average Speed 159 | 108 136 191 229 260 172 130 137 200 200 200 200 197 195 195 195 195 122 120 135 133 122 144 123 121 118 118 118 118 123 Slowest Speed 1200 | 120 190 260 260 260 193 270 200 200 200 200 200 200 195 195 195 195 192 260 198 198 124 192 192 197 118 118 118 118 1200 Overloaded Moves . | . . . . . . . . . . . . . . . . . . . . . . . . . . . . . . Propulsion Burnouts . | . . . . . . . . . . . . . . . . . . . . . . . . . . . . . . Robots Hopped . | . . . . . . . . . . . . . . . . . . . . . . . . . . . . . . Cave-ins Triggered 2 | . . . . . 1 . . . . . . . . . . . . . . . . . 1 . . . . . . Teleports 1 | . . . . . . . . . . . . . . . . . . . . . . . . . . . . . 1 Exploration Rate (%) 55 | 4 81 20 90 93 78 92 30 57 53 88 50 24 58 38 69 49 32 83 53 81 49 5 96 11 55 53 60 63 36 Regions Visited 29 Branch Regions 19 Pre-discovered Areas 16 | . 2 . . 1 . 1 . . 1 . . . 1 . 1 . 5 . . . . . . . . 1 3 . . Known Exits Taken 22 | . 1 . . . 1 . 1 1 1 1 1 1 1 1 1 1 1 1 1 1 1 . . 1 1 1 1 1 . Unknown Exits Taken 5 | 1 . 1 1 1 . 1 . . . . . . . . . . . . . . . . . . . . . . . Scrap Searched 24 | . . . . 1 . . . 3 2 3 3 . 2 . . 3 . . . . . . . . 1 4 . 2 . Spaces Dug 147 | . . . . 8 . 8 10 . 6 . . 8 . 2 . 29 14 3 . . 17 1 7 5 2 6 . . 21 Terrain Destroyed 764 | . . . 15 20 19 12 23 . 7 . 2 74 . 2 . 73 59 67 8 6 195 28 23 13 19 9 . 5 85 Melee 1 | . . . . . . 1 . . . . . . . . . . . . . . . . . . . . . . . Projectile 298 | . . . . . . 11 23 . 7 . 2 23 . 2 . 8 30 36 8 6 31 1 23 13 4 9 . 5 56 AOE 465 | . . . 15 20 19 . . . . . . 51 . . . 65 29 31 . . 164 27 . . 15 . . . 29 Terrain Rammed . | . . . . . . . . . . . . . . . . . . . . . . . . . . . . . . Walls Destroyed . | . . . . . . . . . . . . . . . . . . . . . . . . . . . . . . Machines Disabled . | . . . . . . . . . . . . . . . . . . . . . . . . . . . . . . Actions | -11 -10 -10 -9 -9 -8 -8 -7 -7 -7 -7 -6 -6 -6 -6 -6 -5 -5 -5 -5 -5 -5 -4 -4 -4 -4 -4 -4 -3 -3 --------- Run | Scr Mat Min Mat Min Mat Sto Fac Low Low Zio Pro Fac Low Low Dat Pro Fac Ext Cet Arc Hub Fac Was Fac Upp Upp Zhi Pro Res Total 18899 | 51 803 91 1291 471 1332 1260 1190 364 399 1004 266 832 360 205 80 286 1427 1570 289 494 601 167 522 536 313 370 159 873 1293 Wait 3220 | . 86 1 75 8 266 440 255 3 14 4 12 164 2 1 . 7 240 277 96 260 85 6 43 95 16 20 . 491 253 Move 13619 | 43 634 66 994 443 895 744 836 361 378 993 237 596 356 201 78 254 1085 818 143 171 452 136 441 378 286 333 140 362 765 Hop . | . . . . . . . . . . . . . . . . . . . . . . . . . . . . . . Pick Up 149 | 1 6 2 34 1 15 8 11 . . 4 2 7 . . . 2 9 12 4 1 . 3 3 7 . 1 2 . 14 Fast Attach 114 | 6 4 1 14 1 8 9 3 . . . . 5 . . . . 3 23 5 6 2 . . 4 . 2 8 . 10 Attach 68 | . . 4 6 . 3 2 2 . . 1 . 4 . 1 2 . 3 13 . . . 7 3 2 . . . 1 14 Detach 4 | . . . . . . . . . . . . . . . . . . 1 . . . 1 . 1 . . . . 1 Swap 205 | 1 5 . 24 2 15 5 17 . . . 4 5 1 1 . 7 24 18 5 6 8 5 3 9 3 2 . 4 31 Drop 203 | . 3 . 45 1 28 11 13 . . 2 3 8 1 . . 1 15 10 8 7 5 2 . 9 . 3 9 . 19 Fire 948 | . 58 15 91 14 101 34 49 . 7 . 5 41 . 1 . 15 46 82 28 43 43 7 28 26 8 9 . 15 182 Melee 7 | . . . . . . 1 . . . . 3 . . . . . . . . . 2 . . . . . . . 1 Ram . | . . . . . . . . . . . . . . . . . . . . . . . . . . . . . . Kick 35 | . 7 2 2 1 1 5 4 . . . . 2 . . . . 2 5 . . 1 . . . . . . . 3 Crush 6 | . . . 6 . . . . . . . . . . . . . . . . . . . . . . . . . . Escape Stasis 9 | . . . . . . . . . . . . . . . . . . . . . 3 . 1 5 . . . . . Rewire 312 | . . . . . . 1 . . . . . . . . . . . 311 . . . . . . . . . . . Trap . | . . . . . . . . . . . . . . . . . . . . . . . . . . . . . . Miscellaneous . | . . . . . . . . . . . . . . . . . . . . . . . . . . . . . . Route ------- -11/Scrapyard -10/Materials (discovered 4 exits: *Mat x3 / *Min) -10/Mines -9/Materials (discovered 5 exits: *Mat x3 / [*Min x2]) -9/Mines (discovered 2 exits: *Mat x2) -8/Materials (discovered 3 exits: *Fac x2 / *Sto) -8/Storage -7/Factory (discovered 3 exits: *Fac / *Low x2) -7/Lower Caves -7/Lower Caves (discovered 2 exits: *Fac / *Zio) -7/Zion -6/Proximity Caves -6/Factory -6/Lower Caves -6/Lower Caves -6/Data Miner -5/Proximity Caves -5/Factory (discovered 3 exits: *Fac x2 / *Ext) -5/Extension (discovered 2 exits: *Fac / *Cet) -5/Cetus -5/Archives (discovered 3 exits: *Fac / *Hub x2) -5/Hub_04(d) -4/Factory -4/Waste -4/Factory -4/Upper Caves -4/Upper Caves -4/Zhirov -3/Proximity Caves -3/Research (discovered 1 exit: *Tes) History --------- Turn | Location | Event 8 | -11/Scrapyard | Discovered new exit (range 16) 60 | -11/Scrapyard | Entered Materials 284 | -10/Materials | Identified exit to Mines 309 | -10/Materials | Build established: Mutant 540 | -10/Materials | Discovered new exit (range 9) 631 | -10/Materials | Repaired Med. Laser 659 | -10/Materials | Repaired Sml. Laser 667 | -10/Materials | Discovered new exit (range 14) 732 | -10/Materials | Core integrity fell below 50% 899 | -10/Materials | Discovered new exit (range 16) 1218 | -10/Materials | Entered Mines 1233 | -10/Mines | Core integrity fell below 20% 1274 | -10/Mines | Lost 3 parts (2n1u) 1286 | -10/Mines | Found a hidden stash of uninstalled traps 1318 | -10/Mines | Learned Materials terminal intel 1323 | -10/Mines | Met a Derelict bent on vengeance 1389 | -10/Mines | Discovered new exit (range 6) 1391 | -10/Mines | Lost 3 parts (1n2w) 1402 | -10/Mines | Entered Materials 1402 | -9/Materials | Evolved 2 slots: Utility x2 1403 | -9/Materials | Loaded intel: 10 terminal locations 1796 | -9/Materials | Discovered new exit (range 7) 1995 | -9/Materials | Build established: Scavenger-Mutant 2125 | -9/Materials | Discovered new exit (range 15) 2439 | -9/Materials | Discovered new exit (range 15) 2790 | -9/Materials | Build established: Mutant 2836 | -9/Materials | Discovered new exit (range 5) 3356 | -9/Materials | Discovered new exit (range 10) 3752 | -9/Materials | Repaired Med. Armor Plating 4156 | -9/Materials | Entered Mines 4424 | -9/Mines | Learned 2 Materials zone layouts 4536 | -9/Mines | Learned Materials trap positions 4575 | -9/Mines | Discovered new exit (range 11) 4825 | -9/Mines | Discovered new exit (range 6) 4954 | -9/Mines | Learned location of Recycling (-8) 5365 | -9/Mines | Entered Materials 5365 | -8/Materials | Evolved 2 slots: Propulsion x1, Utility x1 5367 | -8/Materials | Loaded intel: 13 trap records 5937 | -8/Materials | Identified exit to Storage 6264 | -8/Materials | Central database locked down 6535 | -8/Materials | Discovered new exit (range 8) 6608 | -8/Materials | Crushed by falling debris 6696 | -8/Materials | Repaired Hrd. Medium Armor Plating 6736 | -8/Materials | Repaired Carbon-fiber Leg 6775 | -8/Materials | Repaired Hrd. Medium Armor Plating 6828 | -8/Materials | Repaired Hvy. Ion Engine 7227 | -8/Materials | Discovered new exit (range 14) 7535 | -8/Materials | Entered Storage 7616 | -8/Storage | Assisted by bots powering up and referring to "LRC-V3" 7928 | -8/Storage | Build established: Commander-Mutant 8310 | -8/Storage | Discovered new exit (range 15) 8317 | -8/Storage | Met 01-MTF 8512 | -8/Storage | Repaired Hrd. Medium Armor Plating 8742 | -8/Storage | Learned location of Armory (-4) 8925 | -8/Storage | Repaired Imp. Titanium Leg 9091 | -8/Storage | Entered Factory 9091 | -7/Factory | Accompanied by 4 allies (01-MTF) 9091 | -7/Factory | Evolved 2 slots: Utility x2 9096 | -7/Factory | 01-MTF left 9379 | -7/Factory | Build established: Skirmisher 9558 | -7/Factory | Identified exit to Lower Caves 10149 | -7/Factory | Discovered new exit (range 15) 10179 | -7/Factory | Identified exit to Factory 10505 | -7/Factory | Fabricated Hcp. Storage Unit (x1) 10685 | -7/Factory | Entered Lower Caves 10784 | -7/Lower Caves | Learned Factory security intel 11174 | -7/Lower Caves | Discovered new exit (range 8) 11184 | -7/Lower Caves | Identified exit to Lower Caves 11410 | -7/Lower Caves | Entered another Lower Caves area 11499 | -7/Lower Caves | Discovered exit to Factory (range 16) 11672 | -7/Lower Caves | Spotted B-75 Beast 11749 | -7/Lower Caves | Discovered new exit (range 15) 11974 | -7/Lower Caves | Learned Factory machine intel 12199 | -7/Lower Caves | Identified exit to Zion 12201 | -7/Lower Caves | Entered Zion 12694 | -7/Zion | Learned 12 Factory zone layouts 12786 | -7/Zion | Found CR-A16's Pointy Stick 12885 | -7/Zion | Learned location of 1 exit from Lower Caves 13778 | -7/Zion | Imprinted 13780 | -7/Zion | Declared Zion's savior 14106 | -7/Zion | Gained Derelict followers 14164 | -7/Zion | Discovered new exit (range 16) 14192 | -7/Zion | Identified exit to Proximity Caves 14197 | -7/Zion | Entered Proximity Caves 14197 | -6/Proximity Caves | Accompanied by 8 allies 14332 | -6/Proximity Caves | Learned Factory garrison access intel 14378 | -6/Proximity Caves | Spotted B-75 Beast 14416 | -6/Proximity Caves | Destroyed B-75 Beast 14656 | -6/Proximity Caves | Discovered exit to Factory (range 10) 14716 | -6/Proximity Caves | Entered Factory 14716 | -6/Factory | Evolved 2 slots: Power x1, Propulsion x1 14717 | -6/Factory | Identified exit to Lower Caves 14719 | -6/Factory | Loaded intel: 260 machine locations 14720 | -6/Factory | Loaded intel: 4 garrison access locations 15018 | -6/Factory | Zion Light squad teleported in 15803 | -6/Factory | Garrison activated, responded to threat 16026 | -6/Factory | Terminal network hard line cut 16208 | -6/Factory | Entered Lower Caves 16209 | -6/Lower Caves | Identified exit to Lower Caves 16315 | -6/Lower Caves | Learned location of 1 exit from Factory 16431 | -6/Lower Caves | Learned 4 Factory zone layouts 16458 | -6/Lower Caves | Encountered a Warlord checkpoint 16906 | -6/Lower Caves | Entered another Lower Caves area 17099 | -6/Lower Caves | Encountered a Warlord checkpoint 17174 | -6/Lower Caves | Discovered new exit (range 13) 17199 | -6/Lower Caves | Identified exit to Data Miner 17305 | -6/Lower Caves | Entered Data Miner 17307 | -6/Data Miner | Discovered new exit (range 6) 17308 | -6/Data Miner | Lost 3 parts (2u1w) 17345 | -6/Data Miner | Met Data Miner 17384 | -6/Data Miner | Learned location of Section 7 (-2) 17384 | -6/Data Miner | Acquired the access code to Warlord's prototype stash 17411 | -6/Data Miner | Received God Mode back door access code from Data Miner 17458 | -6/Data Miner | Identified exit to Proximity Caves 17460 | -6/Data Miner | Entered Proximity Caves 17567 | -5/Proximity Caves | Escorted by Enhanced Grunt 17594 | -5/Proximity Caves | Build established: Mutant 17821 | -5/Proximity Caves | Discovered new exit (range 10) 17836 | -5/Proximity Caves | Identified exit to Factory 18016 | -5/Proximity Caves | Entered Factory 18016 | -5/Factory | Accompanied by 1 ally 18016 | -5/Factory | Evolved 2 slots: Propulsion x1, Utility x1 18017 | -5/Factory | Identified exit to Factory 18171 | -5/Factory | Incoming investigation squad redirected 18235 | -5/Factory | Zion Fire squad teleported in 18366 | -5/Factory | Fabricated Lrn. Terrain Scanner? 18518 | -5/Factory | Discovered exit to Factory (range 22) 18744 | -5/Factory | Zion Light squad teleported in 18929 | -5/Factory | Zion Heavy squad teleported in 19148 | -5/Factory | Retrieved Zion intel report: Active Garrisons 19151 | -5/Factory | Build established: Skirmisher 19216 | -5/Factory | First assault squad dispatched 19243 | -5/Factory | Incoming assault squad redirected 19298 | -5/Factory | Retrieved Zion intel report: Depthwide Sectors/-1 19416 | -5/Factory | Repaired Hrd. Medium Armor Plating? 19468 | -5/Factory | Terminal network hard line cut 19552 | -5/Factory | Allied Derelicts emerged from ambush trap array 19578 | -5/Factory | Discovered new exit (range 22) 19768 | -5/Factory | Identified exit to Extension 19770 | -5/Factory | Entered Extension 19954 | -5/Extension | Rescued a captive Derelict 19963 | -5/Extension | Rescued a captive Derelict 20061 | -5/Extension | Build established: Scavenger-Skirmisher 20183 | -5/Extension | Rescued a captive Derelict 20184 | -5/Extension | Rescued a captive Derelict 20207 | -5/Extension | Retrieved Zion intel report: Unaware Analyses 20270 | -5/Extension | Disrupted transfer network 20370 | -5/Extension | First assault squad dispatched 20444 | -5/Extension | Build established: Commander-Skirmisher 20813 | -5/Extension | Spotted B-75 Beast 20817 | -5/Extension | Destroyed 10 combat bots 20840 | -5/Extension | Destroyed B-75 Beast 20851 | -5/Extension | Spotted B-75 Beast 20895 | -5/Extension | Rescued a captive Derelict 20896 | -5/Extension | Rescued a captive Derelict 20923 | -5/Extension | Lost 7 parts (3n2u2w) 21037 | -5/Extension | Rescued a captive Derelict 21057 | -5/Extension | Rescued A7 21123 | -5/Extension | Rescued a captive Derelict 21124 | -5/Extension | Rescued a captive Derelict 21138 | -5/Extension | Retrieved Zion intel report: Prototype Schematics 21139 | -5/Extension | Zion Hacker squad teleported in 21142 | -5/Extension | Terminal network hard line cut 21621 | -5/Extension | Discovered exit to Factory (range 10) 21623 | -5/Extension | Discovered new exit (range 6) 21629 | -5/Extension | Identified exit to Cetus 21635 | -5/Extension | Entered Cetus 21635 | -5/Cetus | Accompanied by 2 allies (A7) 21640 | -5/Cetus | Acquired a Cetus Manufacturing Module code from A7 21660 | -5/Cetus | Spotted Cetus Guard 21660 | -5/Cetus | Spotted Cetus Guard 21661 | -5/Cetus | Destroyed Cetus Guard 21662 | -5/Cetus | Spotted Cetus Guard 21668 | -5/Cetus | Spotted Cetus Guard 21669 | -5/Cetus | Allies destroyed Cetus Guard 21681 | -5/Cetus | Allies destroyed Cetus Guard 21683 | -5/Cetus | Allies destroyed Cetus Guard 21744 | -5/Cetus | Started Cetus Manufacturing Module 21769 | -5/Cetus | Manufactured an Enhanced Grunt 21794 | -5/Cetus | Manufactured an Enhanced Grunt 21819 | -5/Cetus | Manufactured an Enhanced Grunt 21844 | -5/Cetus | Manufactured an Enhanced Grunt 21869 | -5/Cetus | Manufactured an Enhanced Grunt 21880 | -5/Cetus | Build established: Scavenger-Mutant 21896 | -5/Cetus | Discovered new exit (range 15) 21924 | -5/Cetus | Extracted ID and sensor layout for unrecognized location from A7's data core 21924 | -5/Cetus | Spotted Cetus Guard 21924 | -5/Cetus | Spotted Cetus Guard 21932 | -5/Cetus | Spotted Cetus Guard 21934 | -5/Cetus | Destroyed Cetus Guard 21934 | -5/Cetus | Allies destroyed Cetus Guard 21938 | -5/Cetus | Destroyed Cetus Guard 21947 | -5/Cetus | Found Corrupted Prototype Protection 21948 | -5/Cetus | Identified Med. Regenerative Plating 21949 | -5/Cetus | System corruption reached 10% 22011 | -5/Cetus | Identified exit to Archives 22015 | -5/Cetus | Entered Archives 22015 | -5/Archives | Accompanied by 5 allies 22089 | -5/Archives | Found Prototype Device 22089 | -5/Archives | Identified Exp. Thermal Shield 22180 | -5/Archives | Discovered new exit (range 16) 22199 | -5/Archives | Discovered exit to Factory (range 15) 22442 | -5/Archives | Discovered new exit (range 16) 22618 | -5/Archives | Identified exit to Hub_04(d) 22624 | -5/Archives | Entered Hub_04(d) 22624 | -5/Hub_04(d) | Accompanied by 3 allies 22699 | -5/Hub_04(d) | Spotted B-75 Beast 22706 | -5/Hub_04(d) | Revealed the true nature of CR-A16's Pointy Stick 22711 | -5/Hub_04(d) | Destroyed B-75 Beast 22844 | -5/Hub_04(d) | Retrieved Zion intel report: Active Garrisons 22845 | -5/Hub_04(d) | Zion Light squad teleported in 22924 | -5/Hub_04(d) | First assault squad dispatched 22951 | -5/Hub_04(d) | Incoming assault squad redirected 23033 | -5/Hub_04(d) | Zion Hacker squad teleported in 23086 | -5/Hub_04(d) | Garrison activated, responded to threat 23282 | -5/Hub_04(d) | Retrieved Zion intel report: Guard Positions 23297 | -5/Hub_04(d) | Retrieved Zion intel report: Unaware Schematics 23308 | -5/Hub_04(d) | Discovered exit to Factory (range 8) 23355 | -5/Hub_04(d) | Network Hub disabled 23390 | -5/Hub_04(d) | Spotted Lightning 23390 | -5/Hub_04(d) | Spotted Lightning 23399 | -5/Hub_04(d) | Entered Factory 23399 | -4/Factory | Evolved 2 slots: Utility x2 23562 | -4/Factory | Retrieved Zion intel report: Trap Installations 23563 | -4/Factory | Zion Fire squad teleported in 23635 | -4/Factory | Sucked down chute 23635 | -4/Factory | Entered Waste 23636 | -4/Waste | Met a frightened Derelict 23654 | -4/Waste | Spotted C-40 Crusher 23724 | -4/Waste | Destroyed C-40 Crusher 23733 | -4/Waste | Spotted C-40 Crusher 23734 | -4/Waste | Spotted C-40 Crusher 23749 | -4/Waste | Spotted C-40 Crusher 23766 | -4/Waste | Spotted C-40 Crusher 23775 | -4/Waste | 3 allies followed down the chute 23793 | -4/Waste | Spotted C-40 Crusher 23832 | -4/Waste | Crushed by falling debris 23847 | -4/Waste | Discovered new exit (range 15) 23863 | -4/Waste | Lost 3 parts (3u) 23891 | -4/Waste | Warlord forces began an assault 23906 | -4/Waste | Allies destroyed C-40 Crusher 23908 | -4/Waste | Allies destroyed C-40 Crusher 23909 | -4/Waste | Allies destroyed C-40 Crusher 23914 | -4/Waste | Allies destroyed C-40 Crusher 23919 | -4/Waste | Allies destroyed C-40 Crusher 24216 | -4/Waste | Identified exit to Factory 24301 | -4/Waste | Entered Factory 24301 | -4/Factory | Accompanied by 17 allies 24410 | -4/Factory | Zion Defense Resupply teleported in 24425 | -4/Factory | Zion Heavy squad teleported in 24515 | -4/Factory | Discovered new exit (range 7) 24522 | -4/Factory | Identified exit to Upper Caves 24634 | -4/Factory | Build established: Scavenger-Skirmisher 24678 | -4/Factory | System corruption reached 10% 24786 | -4/Factory | Found Unknown Device 24786 | -4/Factory | Identified Quantum Capacitor 24824 | -4/Factory | Repaired Broken Enh. Flexi-carbon Leg? 24937 | -4/Factory | Entered Upper Caves 24963 | -4/Upper Caves | Build established: Scavenger-Mutant 25053 | -4/Upper Caves | Identified exit to Upper Caves 25083 | -4/Upper Caves | Encountered a Warlord checkpoint 25242 | -4/Upper Caves | Attracted the attention of an 0b10 checkpoint 25305 | -4/Upper Caves | Entered another Upper Caves area 25336 | -4/Upper Caves | Encountered a Warlord checkpoint 25556 | -4/Upper Caves | Learned location of 1 exit from Factory 25673 | -4/Upper Caves | Discovered new exit (range 19) 25702 | -4/Upper Caves | Identified exit to Zhirov 25736 | -4/Upper Caves | Entered Zhirov 25737 | -4/Zhirov | Discovered new exit (range 3) 25759 | -4/Zhirov | Met Zhirov 25780 | -4/Zhirov | Learned location of Quarantine (-2) 25780 | -4/Zhirov | Learned location of Testing (-3) 25780 | -4/Zhirov | Learned location of Command (-1) 25791 | -4/Zhirov | Zhirov requested help retrieving the SGEMP Prototype 25809 | -4/Zhirov | Found Alien Artifact 25809 | -4/Zhirov | Identified Integrated Dissipator 25809 | -4/Zhirov | Installed Integrated Dissipator, increased core heat dissipation (+20) 25826 | -4/Zhirov | Found Alien Artifact 25919 | -4/Zhirov | Identified exit to Proximity Caves 25920 | -4/Zhirov | Entered Proximity Caves 26166 | -3/Proximity Caves | Attracted the attention of an 0b10 checkpoint 26842 | -3/Proximity Caves | Discovered new exit (range 14) 26856 | -3/Proximity Caves | Identified exit to Research 26861 | -3/Proximity Caves | Entered Research 26861 | -3/Research | Evolved 2 slots: Utility x2 26880 | -3/Research | Identified exit to DSF 27044 | -3/Research | Found Quantum Capacitor 27093 | -3/Research | Identified Transdimensional Reconstructor 27093 | -3/Research | Warped through subspace 27243 | -3/Research | Lost 3 parts (1p1n1w) 27493 | -3/Research | Found Quantum Capacitor 27530 | -3/Research | Spotted B-86 Titan 27534 | -3/Research | Destroyed B-86 Titan 28019 | -3/Research | Retrieved Zion intel report: Active Terminals 28020 | -3/Research | Zion Fire squad teleported in 28048 | -3/Research | Cargo convoy interrupted 28049 | -3/Research | Spotted Striker 28050 | -3/Research | Spotted Striker 28057 | -3/Research | Zion Fire squad teleported in 28069 | -3/Research | Incoming assault squad redirected 28074 | -3/Research | Destroyed Striker 28077 | -3/Research | Incoming assault squad redirected 28080 | -3/Research | P-80 Master assimilated allied NA-2AD(i) 28094 | -3/Research | Discovered new exit (range 24) 28114 | -3/Research | Terminal network hard line cut 28208 | -3/Research | Garrison activated, responded to threat 28241 | -3/Research | System corruption reached 10% 28315 | -3/Research | Core integrity fell below 50% 28337 | -3/Research | Identified exit to Testing 28344 | -3/Research | Core integrity fell below 20% 28347 | -3/Research | Destroyed by P-80 Master with Gamma Rifle Last Messages --------------- 28337_ EXIT=IDENTIFIED: TESTING 28338_ Hvy. Antimatter Reactor destroyed. 28339_ Adv. Transmission Jammer destroyed. 28339_ Slug penetrates Wall. 28339_ U-05 Engineer builds a Wall. 28339_ P-80 Master resets G-67 Veteran, system corruption cleaned. 28340_ The unstable cave ceiling collapses. 28341_ Nova Cannon destroyed. 28343_ U-05 Engineer lays Concrete. 28343_ H-71 Marshal calls for reinforcements. 28343_ ALERT: Suspicious intruders detected, dispatching Specialist reinforcements to area. 28343_ U-05 Engineer lays Concrete. 28343_ Penetrated by Slug. 28344_ System corrupted: Matter fused (-9). 28344_ U-05 Engineer lays Concrete. 28344_ Core Analyzer destroyed. 28345_ U-05 Engineer lays Concrete. 28346_ U-05 Engineer builds a Wall. 28346_ U-05 Engineer lays Concrete. Map ----- +----------------------------------------------------+ | #################!=% % ?????????? | | %!=%%%%!%= % ? ? ??????? | | ########%################ #####?????????? | | = ######################### ###?? ?? ?????? | | ######## "" ########### ?##? ?????????? | | ##+########### """#### ###? ? ??????? | | ## ##### ""#### ### ???""?????? | | ## ## ##""" #### ### """?????? | | ## ""## ! # ?###? ?"? ????? | | ## ## !!! # #########? ? ????? | | ## ## !!! # ########## ? ?? ???? | | ## ## !! # ##########? ??????? | | # "!## # ######?###??#?#?#?#??? | | # !=## %/ #### ?? ???##????? | | =#% =!#! # #### ? ? ?##???? | | #! [ !%## " " # #### ? """ ??? #?????? | | # %## ""R"" # ##### "?" ? ??#???? | | ###"###### """" # #?### """ ? ???????? | | ########## ## ##### ? ?? ???????? | | ########## ## ##### ? ? ? ???#??? | | ##########+############# ###??#?##??##?####???? | | #"######### ####### # ##### ? ??????? | | ##### #### #### ? ? ???? | | ##### #### gY u ???????? | | % !##### #### g > Y ? ?? ???????? | | ##### #### gHp @ ##### ?? ?"??????? | | % ##### T"## g g #???# ? ? ?G?????? | | "" ] ##?# ""## p; # ###??? ?? ??? ????? | | ##"######## #### # ##?# ?? ???"?????? | | ### # ###???? ??? ??????? | | ### # ##?# ? ? ???????? | | ### # #??????? ?? ???????? | | # ##?#? ???""?"??????? | | # ! + ??? ""?"????????? | | # #?#? ? "???????????? | | # #???? ??? ?????????? | | ############## ??????????????? | | #??##??##?##?# ???????????? | | "" """ ## #?##?#????##?+????????????? | | """T""" ##????#?#???# ???????????????? | | ###### ########## ##????#?#?##??????????????????? | | ?????# #????? ??# #??? ??????#??????????????????? | | ?????# #????????+ + ? ??????????????????????????? | | ?????# #????????? #?? ??????????????????????????? | | ?????# ??????????????????????????????????????????? | | ?????# ??????????????????????????????????????????? | | ?????# ??????????????????????????????????????????? | | ?????? ??????????????????????????????????????????? | | ?????????????????????????????????????????????????? | | ?????????????????????????????????????????????????? | +----------------------------------------------------+ Best States ------------- Heat Dissipation 128 Energy Generation 45 Energy Capacity 1090 Matter Stores 300 Matter Capacity 300 Sight Range 16 Robot Scan Range 16 Terrain Scan Range 24 Terrain Scan Density 210 Jamming Range 16 Armor Coverage 450 Resistance: KI 30 Resistance: TH 30 Weapon Cycling 20 Evasion (%) 55 Targeting Accuracy 8 Core Analysis 6 Recoil Reduction 2 Particle Charging 25 Offensive Hacking 10 Authchip Count 2 Item Schematics ----------------- Imp. Signal Interpreter | -8/Materials | Scanalyzed Imp. Propulsion Shielding | -8/Storage | Hacked Hcp. Storage Unit | -7/Factory | Hacked Hrd. Heavy Armor Plating | -7/Factory | Hacked Hvy. Battle Rifle | -7/Zion | Archive Imp. Hacking Suite | -7/Zion | Archive Adv. Heat Sink | -7/Zion | Archive Mak. Power Source | -7/Zion | Archive Imp. Focal Shield | -7/Zion | Archive Transmission Jammer | -7/Zion | Archive Power Amplifier | -7/Zion | Archive Matter Filter | -7/Zion | Archive Imp. Trap Scanner | -7/Zion | Archive Mak. Hacking Suite | -7/Zion | Archive Spk. Medium Treads | -7/Zion | Archive Imp. Deuterium Engine | -7/Zion | Archive Imp. Dynamic Insulation System | -7/Zion | Archive Med. Reactive Plating | -7/Zion | Archive Falx | -7/Zion | Archive Combat Drone Bay | -6/Data Miner | Free Lgt. Regenerative Plating | -6/Data Miner | Free Enh. Flexi-carbon Leg | -6/Data Miner | Free Imp. Energy Well | -6/Data Miner | Free Tesla Bomb Launcher | -6/Data Miner | Free Centrium Wheel | -6/Data Miner | Free Matter Neutralizer | -6/Data Miner | Free Lrn. Terrain Scanner | -6/Data Miner | Free Force Rifle | -5/Extension | Z-intel Cld. Fission Core | -5/Extension | Z-intel Mni. Assault Cannon | -5/Extension | Z-intel Enh. Armored Leg | -5/Extension | Z-intel Mni. Smartbomb Launcher | -5/Extension | Z-intel Imp. Cesium-ion Thruster | -5/Extension | Z-intel Cld. Gravmag System | -5/Extension | Z-intel Exp. Heat Sink | -5/Extension | Z-intel Hvy. Proton Missile Launcher | -5/Extension | Z-intel Prc. Shock Rifle | -5/Extension | Z-intel Imp. Airjet | -5/Extension | Z-intel Cld. Nuclear Pulse Thruster | -5/Extension | Z-intel Assault Drone Bay | -4/Zhirov | Free Exp. Optical Array | -4/Zhirov | Free Imp. Arc Thrower | -4/Zhirov | Free Robot Schematics ------------------ L-41 Fighter | -7/Zion | Archive S-27 Virus | -7/Zion | Archive T-07 Excavator | -7/Zion | Archive R-10 Processor | -6/Data Miner | Free Y-64 Sentinel | -6/Data Miner | Free E-15 Imp | -6/Data Miner | Free A-27 Freighter | -6/Data Miner | Free A-02 Transporter | -5/Hub_04(d) | Z-intel Y-54 Guardian | -5/Hub_04(d) | Z-intel K-01 Serf | -5/Hub_04(d) | Z-intel R-06 Scavenger | -5/Hub_04(d) | Z-intel H-66 Slayer | -5/Hub_04(d) | Z-intel Fabricated ------------ Hcp. Storage Unit | x1 | -7/Factory Lrn. Terrain Scanner | x1 | -5/Factory | Authchip Alien Tech Used ----------------- Integrated Dissipator Transdimensional Reconstructor Achievements -------------- None Challenges ------------ None Game ------ Seed ScanGuidedFacilitator Manual? 0 Play Time 02:59:37 Cumulative 1503.3 hours Start 2022.06.08 @ 00:11:18 End 2022.06.09 @ 15:27:19 Sessions 5 Manual Loads 0 Difficulty Rogue Special Mode None Game No. 530 Rogue 530 Adventurer 0 Explorer 0 Win Type - Total 106 Types 22/12/44/6/1/2/17/1/1 Lore% 97 Gallery% 96 Achievement% 86 Wizard Run 0 Options --------- ASCII 0 Keyboard 0 Movement Numpad Keybinds 0 Fullscreen 1 Font 18/SmallcapsGlow Map View 76x50 Tactical HUD 1 Map Filters NONE Filters NONE Steam 1 RUN: 0c659361-4508-457f-a2ed-7ae5dcaa42cd